 Dungeon Sprint DCSS version 0.27-a0-1189-gb8eb6cee8e (webtiles) character file.

Game seed: 1971867548761253004

372 mhtbhm the Geomancer (level 6, -1/33 HPs)
             Began as a Gargoyle Earth Elementalist on May 22, 2021.
             Was a Priest of Vehumet.
             Slain by a merfolk
             ... wielding a +0 trident
              (11 damage)
             ... in the Dungeon (Sprint V: "Ziggurat Sprint").
             The game lasted 00:02:52 (619 turns).

mhtbhm the Geomancer (Gargoyle Earth Elementalist)   Turns: 619, Time: 00:02:53

Health: -1/33      AC: 12    Str: 12    XL:     6   Next: 71%
Magic:  15/15      EV:  6    Int: 29    God:    Vehumet [***...]
Gold:   0          SH:  0    Dex: 10    Spells: 3/17 levels left

rFire    + + .     SeeInvis .   D - +8 lance "Wyrmbane" {slay drac, rPois rF+ rC+ AC+3}
rCold    + . .     Faith    .   (no shield)
rNeg     + . .     Spirit   .   c - +1 troll leather armour of the Albatross {rElec rF+ Regen+}
rPois    ∞         Reflect  .   (no helmet)
rElec    +         Harm     .   (no cloak)
rCorr    .         Rampage  .   (no gloves)
Will     .....     NoTele   +   (no boots)
Stlth    ++........             (no amulet)
HPRegen  1.11/turn              v - +6 ring of intelligence
MPRegen  0.14/turn              s - ring "Iffungibb" {+Blink rPois Int+6}

@: held
A: sickness immunity, AC +4, negative energy resistance 1, electricity
resistance, torment resistance 1, petrification resistance
a: Renounce Religion, Evoke Blink


You were in the Dungeon.
You worshipped Vehumet.
Vehumet was most pleased with you.
You visited 1 branch

Inventory:

Hand Weapons
 D - the +8 lance "Wyrmbane" (weapon) {slay drac, rPois rF+ rC+ AC+3}
   (You found it in the Dungeon)

   It affects your AC (+3).
   It protects you from fire.
   It protects you from cold.
   It protects you from poison.
Missiles
 b - 20 stones
Armour
 c - the +1 troll leather armour of the Albatross (worn) {rElec rF+ Regen+}
   (You found it in the Dungeon)

   It protects you from fire.
   It insulates you from electricity.
   It increases your rate of health regeneration.
Jewellery
 s - the ring "Iffungibb" (right hand) {+Blink rPois Int+6}
   (You found it in the Dungeon)

   [ring of intelligence]

   It affects your intelligence (+6).
   It protects you from poison.
   It lets you blink.
 t - a ring of wizardry
 v - a +6 ring of intelligence (left hand)
Wands
 z - a wand of mindburst (7)
 A - a wand of iceblast (5)
 B - a wand of acid (1)
Scrolls
 i - 4 scrolls of blinking
 n - 4 scrolls of amnesia
 o - 7 scrolls of fog
 p - a scroll of holy word
 q - 5 scrolls of identify
 r - 2 scrolls of fear
 u - a scroll of brand weapon
Potions
 a - 2 potions of brilliance
 d - 10 potions of curing
 e - 9 potions of heal wounds
 f - 6 potions of haste
 g - 7 potions of magic
 h - 3 potions of berserk rage
 j - 2 potions of invisibility
 k - 4 potions of resistance
 l - a potion of experience
 m - 5 potions of might
Miscellaneous
 w - a phantom mirror
 C - a lightning rod (4/4)


   Skills:
 + Level 0.6 Fighting
 + Level 4.1 Dodging
 + Level 5.3 Stealth
 + Level 6.4 Spellcasting
 + Level 0.8 Transmutations
 + Level 12.2 Earth Magic
 + Level 1.8 Evocations


You had 3 spell levels left.
You knew the following spells:

 Your Spells              Type           Power      Damage    Failure   Level
a - Sandblast             Erth           100%       2d20      1%          1
b - Magic Dart            Conj           36%        1d4       1%          1
c - Stone Arrow           Conj/Erth      88%        3d12      1%          3
d - Lee's Rapid Deconstr  Erth           34%        3d18*     1%          5
e - Petrify               Tmut/Erth      47%        N/A       4%          4

Your spell library contained the following spells:

 Spells                   Type           Power      Damage    Failure   Level
 Freeze                   Ice            36%        1d6       1%          1
 Passwall                 Tmut/Erth      39%        N/A       1%          2
 Ice Form                 Ice/Tmut       11%        N/A       50%         4
 Summon Ice Beast         Ice/Summ       9%         N/A       56%         4
 Freezing Cloud           Conj/Ice/Air   4%         6-21      92%         6
 Simulacrum               Ice/Necr       4%         N/A       100%        6
 Ozocubu's Refrigeration  Ice            4%         4d5       100%        7


Dungeon Overview and Level Annotations

Branches:
Dungeon (1/1)

Altars:
Ashenzari
Cheibriados
Dithmenos
Elyvilon
Fedhas
Gozag
Hepliaklqana
Kikubaaqudgha
Makhleb
Nemelex Xobeh
Okawaru
Qazlal
Ru
Sif Muna
Trog
Uskayaw
Vehumet
Wu Jian
Xom
Yredelemnul
Zin
The Shining One
Beogh
Jiyva
Lugonu

Annotations:
D 1 transporter


Innate Abilities, Weirdness & Mutations

You are immune to sickness and miasma.
Your stone body is resilient. (AC +4)
You are immune to poison.
You resist negative energy. (rN+)
You are resistant to electric shocks. (rElec)
You are resistant to unholy torment.
You are immune to petrification.


Message History

The merfolk seems to be corroded for longer.
The merfolk is heavily wounded.
The bolt of acid misses the merfolk. x2
The merfolk hits you from afar with a +0 trident.
Unknown command.
Unknown command.
Unknown command.
That's the wrong kind of item! (Use * to select it.) Evoke which item? (* to show all) (? for menu, Esc to quit)
Aiming: Iceblast
Press: ? - help, Shift-Dir - straight line, f/p - merfolk
Aim: a merfolk, wielding a +0 trident and quivering a throwing net The mass of ice explodes!
The iceblast engulfs the merfolk!
The merfolk is severely wounded.
The iceblast engulfs the merfolk!
The merfolk is lightly wounded.
The iceblast engulfs the merfolk!
The merfolk is severely wounded.
The iceblast engulfs the merfolk!
The merfolk is heavily wounded.
The merfolk hits you from afar with a +0 trident!
Unknown command.
Unknown command.
Unknown command.
Unknown command.
Aiming: Iceblast
Press: ? - help, Shift-Dir - straight line, f - merfolk, p - merfolk
Aim: a merfolk, wielding a +0 trident (severely wounded, covered in acid)
The mass of ice explodes!
The iceblast engulfs the merfolk!!
The merfolk is almost dead.
The iceblast engulfs the merfolk!
The merfolk is almost dead.
The iceblast engulfs the merfolk!
The merfolk is almost dead.
The iceblast engulfs the merfolk!
The merfolk is lightly wounded.
The merfolk hits you from afar with a +0 trident!
The merfolk barely misses you.
The merfolk hits you from afar with a +0 trident!
You die...

▓..©..▓..©..▓▓▓▓▓▓▓
▓▓▓▓▓▓▓▓▓▓▓▓▓▓▓▓▓▓▓
▓..8©8...▓..8©8...▓
▓...|)...▓..):|...▓
▓...)....▓..}.[...▓
▓........▓...m....▓
▓........▓.mmmm...▓
▓........▓.▓....▓.▓
▓...©....▓...@....▓
▓▓▓▓▓▓▓▓▓▓▓▓▓▓▓▓▓▓▓


You could see 5 merfolk.

Vanquished Creatures
  A chaos spawn (D)
  A hell hound (D)
  A crimson imp (D)
  A quasit (D)
  An orc priest (D)
  An orc wizard (D)
  A white imp (D)
  An ufetubus (D)
  An adder zombie (D)
  An orc (D)
  A bat skeleton (D)
  A bat zombie (D)
  A jackal skeleton (D)
13 creatures vanquished.

Notes
Turn   | Place    | Note
-------+----------+-------------------------------------------
     0 | D        | mhtbhm the Gargoyle Earth Elementalist began the quest for
                  | the Orb.
     0 | D        | Reached XP level 1. HP: 10/10 MP: 3/3
     0 | D        | Found a shimmering blue altar of Sif Muna.
     0 | D        | Found a bloodstained altar of Trog.
     0 | D        | Found a sacrificial altar of Ru.
     0 | D        | Found a stormy altar of Qazlal.
     0 | D        | Found an iron altar of Okawaru.
     1 | D        | Found a sparkling altar of Nemelex Xobeh.
     1 | D        | Found a blossoming altar of Fedhas.
     2 | D        | Found the +6 Majin-Bo {vamp, MP+6 Int+6}
     2 | D        | Found the +9 heavy crossbow "Sniper" {vorpal, Acc+∞ SInv}
     2 | D        | Found the +10 dark maul {vorpal}
     2 | D        | Found the +15 Maxwell's patent armour {-Cast -Tele rElec
                  | Will+ rCorr}
     2 | D        | Found the +18 shield of the Gong {rElec rN+ Will+ EV-5}
     2 | D        | Found the +14 obsidian axe {vorpal, Drain Fly SInv}
     2 | D        | Found the +7 great mace "Firestarter" {inner flame, rF++}
     2 | D        | Found the +6 shillelagh "Devastator" {shatter}
     2 | D        | Found the +11 plutonium sword {Contam Stlth-}
     2 | D        | Found the +8 lance "Wyrmbane" {slay drac, rPois rF+ rC+
                  | AC+3}
     2 | D        | Found the +9 sword of Zonguldrok {reap}
     2 | D        | Found the +13 scythe of Curses {drain, Drain}
     2 | D        | Found the +5 sword of Power {vorpal}
     2 | D        | Found the +7 mace of Variability {chain chaos}
     2 | D        | Found the +7 Singing Sword {vorpal, sonic wave}
     2 | D        | Found the +8 storm bow {elec, penet}
     3 | D        | Found a transporter.
     3 | D        | Found an ancient bone altar of Kikubaaqudgha.
     3 | D        | Found a viscous altar of Jiyva.
     3 | D        | Found a corrupted altar of Lugonu.
     3 | D        | Found a hazy altar of Hepliaklqana.
     3 | D        | Found a burning altar of Makhleb.
     3 | D        | Found an opulent altar of Gozag.
    50 | D        | Became a worshipper of Vehumet
    67 | D        | Entered arena 2.
    67 | D        | Noticed a chaos spawn
    67 | D        | Found a transporter.
    71 | D        | Reached skill level 5 in Earth Magic
    71 | D        | Reached XP level 2. HP: 3/15 MP: 0/5
    73 | D        | Killed a chaos spawn
    73 | D        | Reached * piety under Vehumet
    73 | D        | Offered knowledge of Magic Dart by Vehumet.
    74 | D        | Reached skill level 9 in Earth Magic
    74 | D        | Reached XP level 3. HP: 12/20 MP: 0/8
    74 | D        | Reached XP level 4. HP: 14/24 MP: 0/10
    74 | D        | Reached XP level 5. HP: 17/28 MP: 0/11
    78 | D        | Got the ring "Iffungibb" {+Blink rPois Int+6}
   174 | D        | Learned a level 1 spell: Magic Dart
   178 | D        | Learned a level 3 spell: Stone Arrow
   184 | D        | Learned a level 5 spell: Lee's Rapid Deconstruction
   286 | D        | Entered arena 3.
   286 | D        | Found a transporter.
   290 | D        | Reached skill level 5 in Spellcasting
   290 | D        | Reached skill level 10 in Earth Magic
   290 | D        | Reached skill level 1 in Evocations
   449 | D        | Got the +1 troll leather armour of the Albatross {rElec rF+
                  | Regen+}
   468 | D        | Learned a level 4 spell: Petrify
   468 | D        | Entered arena 4.
   468 | D        | Found a transporter.
   470 | D        | Reached ** piety under Vehumet
   471 | D        | Offered knowledge of Freeze by Vehumet.
   475 | D        | Reached skill level 11 in Earth Magic
   475 | D        | Reached XP level 6. HP: 33/33 MP: 9/14
   510 | D        | Entered arena 5.
   510 | D        | Noticed a hell hound
   510 | D        | Found a transporter.
   512 | D        | Reached *** piety under Vehumet
   514 | D        | Reached skill level 5 in Stealth
   514 | D        | Killed a hell hound
   515 | D        | Reached skill level 12 in Earth Magic
   615 | D        | Entered arena 6.
   615 | D        | Noticed a merfolk
   615 | D        | Noticed a merfolk
   615 | D        | Noticed a merfolk
   615 | D        | Noticed a merfolk
   615 | D        | Noticed a merfolk
   615 | D        | Found a transporter.
   619 | D        | Slain by a merfolk

Illustrated notes

Levels and vault maps discovered:
D:        sprint_v [room_start, room_1, room_2, room_3, room_4, room_5, room_6,
          room_7, room_8, room_9, room_10, room_11, room_12, room_13, room_14,
          room_15, room_16, room_17, room_18, room_19, room_20, room_21,
          room_22, room_23, room_24, room_25, room_26, room_27]

Skill      XL: |  1  2  3  4  5  6 |
---------------+-------------------+-----
Earth Magic    | 5 9 11 12 | 12.2
Dodging        | 3 4 |  4.1
Stealth        | 4 5 |  5.3
Spellcasting   | 4 5 6 |  6.4
Evocations     | 1 |  1.8
Fighting       | |  0.6
Transmutations | |  0.8

Action                   |  1- 3 |  4- 6 || total
-------------------------+-------+-------++-------
 Cast: Sandblast         |     3 |     7 ||    10
       Lee's Rapid Decon |       |     3 ||     3
       Petrify           |       |     1 ||     1
Evoke: Wand              |     2 |     6 ||     8
  Use: Potion            |     1 |       ||     1
Armor: Troll leather arm |       |     6 ||     6
Dodge: Dodged            |     2 |     7 ||     9

Table legend: (Time is in decaauts)
 A = Elapsed time spent in this place.
 B = Non-inter-level travel time spent in this place.
 C = Inter-level travel time spent in this place.
 D = Time resting spent in this place.
 E = Time spent auto-exploring this place.
 F = Levels seen in this place.
 G = Mean time per level.
                   A        B        C        D        E       F      G
               +--------+--------+--------+--------+--------+-----+--------+
         Total |    624 |    624 |      0 |    448 |      0 |   1 |  624.0 |
       Dungeon |    624 |    624 |      0 |    448 |      0 |   1 |  624.0 |
               +--------+--------+--------+--------+--------+-----+--------+

Top non-repeatable levels by time:
       D: 624 daAuts
